 Dungeon Crawl Stone Soup version 0.18.1-50-g88ac8fd (webtiles) character file.

990 varam the Covert (level 7, 32/32 HPs)
             Began as a Spriggan Enchanter on Oct 19, 2016.
             Quit the game on level 6 of the Dungeon.
             The game lasted 00:12:04 (5745 turns).

varam the Covert (Spriggan Enchanter)               Turns: 5745, Time: 00:12:04

Health: 32/32      AC:  6    Str:  4    XL:     7   Next: 98%
Magic:  11/14      EV: 18    Int: 19    God:
Gold:   285        SH:  0    Dex: 16    Spells: 4 memorised, 5 levels left

rFire  + . .     SeeInvis +     o - +1 dagger (speed)
rCold  . . .     Gourm    .     y - +2 robe {rF+}
rNeg   . . .     Faith    .     (shield restricted)
rPois  .         Spirit   .     (helmet restricted)
rElec  .         Dismiss  .     q - +1 cloak {MR+}
rCorr  .         Reflect  .     (gloves unavailable)
SustAt .         Harm     .     (boots unavailable)
MR     ++...                    (no amulet)
Stlth  ++++......               (no ring)
                                (no ring)

@: very quick, very resistant to hostile enchantments, stealthy
A: unfitting armour, see invisible, herbivore 3, speed 3, slow metabolism 2
a: no special abilities


You were on level 6 of the Dungeon.
You were full.

You visited 2 branches of the dungeon, and saw 7 of its levels.

You collected 285 gold pieces.

Inventory:

Hand Weapons
 o - a +1 dagger of speed (weapon)
Missiles
 i - 108 stones (quivered)
Armour
 f - a +0 buckler
 q - a +1 cloak of magic resistance (worn)
 y - a +2 robe of fire resistance (worn)
Wands
 p - a wand of polymorph (5/24)
 u - a wand of hasting (1/9)
Scrolls
 g - 8 scrolls of identify {unknown}
 h - 2 scrolls of recharging {unknown}
 j - 3 scrolls of remove curse {unknown}
 k - 8 scrolls of teleportation {unknown}
 r - a scroll of enchant weapon {unknown}
 s - a scroll of random uselessness {unknown}
 t - 2 scrolls of noise {unknown}
 v - a scroll of magic mapping {unknown}
 w - a scroll of immolation {unknown}
 x - 2 scrolls of enchant armour {unknown}
 z - a scroll of blinking {unknown}
 A - a scroll of fear {unknown}
Potions
 a - a potion of flight {unknown}
 b - a potion of cure mutation {unknown}
 e - 3 potions of heal wounds {unknown}
 l - 2 potions of agility {unknown}
 m - 3 potions of mutation {unknown}
 n - 2 potions of degeneration {unknown}
Books
 c - a book of Maledictions

   Spells                             Type                      Level
   a - Corona                         Hexes                        1
   b - Ensorcelled Hibernation        Hexes/Ice                    2
   c - Confuse                        Hexes                        3
   d - Tukima's Dance                 Hexes                        3
   e - Dazzling Spray                 Conjuration/Hexes            3
Comestibles
 d - 3 bread rations


   Skills:
 - Level 5.0 Short Blades
 - Level 3.0 Dodging
 - Level 8.0 Stealth
 + Level 2.4 Shields
 - Level 4.0 Spellcasting
 + Level 7.0 Hexes


You had 5 spell levels left.
You knew the following spells:

 Your Spells              Type           Power        Failure   Level  Hunger
a - Ensorcelled Hibernat  Hex/Ice        ###...       6%          2    ##.....
b - Corona                Hex            ####...      1%          1    None
c - Confuse               Hex            ####....     1%          3    ###....
d - Dazzling Spray        Conj/Hex       ###...       12%         3    ###....


Dungeon Overview and Level Annotations

Branches:
Dungeon (6/15)             Temple (1/1) D:6

Altars:
Cheibriados
Elyvilon
Fedhas
Kikubaaqudgha
Makhleb
Ru
Xom
Yredelemnul
Zin
The Shining One

Shops:
D:4 }


Innate Abilities, Weirdness & Mutations

You are tiny and cannot use many weapons and most armour.
You have supernaturally acute eyesight.
You are a herbivore.
You cover ground extremely quickly.
You need consume almost no food.


Message History

The crimson imp shouts!
You hit the crimson imp.
The crimson imp is lightly wounded.
You hit the crimson imp but do no damage.
The crimson imp is lightly wounded.
The crimson imp misses you.
Casting: Confuse
Confirm with . or Enter, or press ? or * to list all spells.
Aiming: Confuse
Press: ? - help, Shift-Dir - straight line, f - crimson imp
Aim: a crimson imp (lightly wounded, chance to defeat MR: 41%)
Okay, then.
Casting: Confuse
Confirm with . or Enter, or press ? or * to list all spells.
Aiming: Confuse
Press: ? - help, Shift-Dir - straight line, f - crimson imp
Aim: a crimson imp (lightly wounded, chance to defeat MR: 41%)
The crimson imp resists with some effort.
The crimson imp hits you but does no damage.
Are you sure you want to abandon this character and quit the game? (Confirm with "yes".)

#..............#.#
#.....##+##..###.#
#............###.#
#............. #.#
...........#.##.#
#........[#..#.#
#.........##.#.#
#.........##.#.#
#..<5@....##...#
#(........###..#
#.........###..#
#..$..........>#
################


You could see a crimson imp.

Vanquished Creatures
  A phantom (D:6)
  An ogre (D:5)
  A centaur (D:5)
  Blork the orc (D:4)
  A gnoll sergeant (D:5)
  A crimson imp (D:5)
  A centaur skeleton (D:5)
  A hound (D:4)
  Crazy Yiuf (D:2)
  An orc priest (D:3)
  A giant frog skeleton (D:5)
  3 orc wizards
  An iguana (D:4)
  4 worker ants
  A killer bee zombie (D:5)
  7 adders
  3 gnolls (D:5)
  3 oozes
  2 adder skeletons
  5 worms
  2 dart slugs (D:1)
  2 giant geckos
  8 orcs
  7 bats
  6 giant cockroaches
  7 goblins
  7 hobgoblins
  7 jackals
  3 kobolds (D:1)
  3 quokkas
  A giant gecko zombie (D:5)
  A giant newt (D:5)
  A quokka skeleton (D:5)
  4 rats
  A fungus (D:2)
100 creatures vanquished.

Notes
Turn   | Place    | Note
--------------------------------------------------------------
     0 | D:1      | varam the Spriggan Enchanter began the quest for the Orb.
     0 | D:1      | Reached XP level 1. HP: 9/9 MP: 5/5
   172 | D:1      | Reached XP level 2. HP: 6/13 MP: 4/6
   180 | D:1      | Reached skill level 5 in Stealth
   203 | D:1      | Learned a level 2 spell: Ensorcelled Hibernation
  1320 | D:2      | Reached XP level 3. HP: 14/16 MP: 6/8
  1325 | D:2      | Learned a level 3 spell: Confuse
  1470 | D:2      | Reached skill level 6 in Stealth
  1555 | D:2      | Reached XP level 4. HP: 21/21 MP: 9/9
  2021 | D:2      | Noticed Crazy Yiuf
  2180 | D:2      | Killed Crazy Yiuf
  2461 | D:3      | Found a basalt altar of Yredelemnul.
  2461 | D:3      | Found a snail-covered altar of Cheibriados.
  2768 | D:3      | Reached XP level 5. HP: 22/24 MP: 7/10
  2836 | D:3      | Reached skill level 7 in Stealth
  3673 | D:4      | Reached skill level 5 in Short Blades
  3673 | D:4      | Reached XP level 6. HP: 28/28 MP: 4/11
  3678 | D:4      | Learned a level 3 spell: Dazzling Spray
  3748 | D:4      | Noticed Blork the orc
  3753 | D:4      | Killed Blork the orc
  3863 | D:4      | Reached skill level 8 in Stealth
  3879 | D:4      | Noticed a slave
  3893 | D:4      | Found Toechurupp's Gadget Emporium.
  3901 | D:4      | Noticed an orc warrior
  3933 | D:4      | Found a blossoming altar of Fedhas.
  3952 | D:5      | Entered Level 5 of the Dungeon
  3971 | D:5      | Reached skill level 5 in Hexes
  3974 | D:5      | Reached XP level 7. HP: 32/32 MP: 4/13
  4224 | D:5      | Found a glowing golden altar of the Shining One.
  4313 | D:5      | Reached skill level 1 in Shields
  5472 | D:6      | Found a staircase to the Ecumenical Temple.
  5504 | Temple   | Entered the Ecumenical Temple
  5745 | D:6      | Quit the game

Skill      XL: |  1  2  3  4  5  6  7 |
---------------+----------------------+-----
Stealth        | 5 6 7 8 |  8.0
Short Blades   | 2 3 4 5 |  5.0
Spellcasting   | 3 4 |  4.0
Hexes          | 5 7 |  7.0
Shields        | 2 |  2.4
Dodging        | |  3.0

Action                   |  1- 3 |  4- 6 |  7- 9 || total
-------------------------+-------+-------+-------++-------
Melee: Dagger            |    87 |   150 |   133 ||   370
 Cast: Corona            |     7 |       |       ||     7
       Ensorcelled Hiber |    14 |    30 |     3 ||    47
       Confuse           |     1 |    11 |    13 ||    25
 Stab: Sleeping          |    19 |    34 |    11 ||    64
       Confused          |     1 |     4 |    11 ||    16
       Invisible         |       |     1 |       ||     1
  Eat: Bread ration      |       |     1 |     1 ||     2
Armor: Robe              |     8 |    16 |     9 ||    33
       Skin              |       |     5 |       ||     5
Dodge: Dodged            |    77 |    48 |    44 ||   169
